 Dungeon Crawl Stone Soup version 0.30.1-10-g1249ef9ec4 (webtiles) character file.

Game seed: 1328862269754776355

139963 monsoonserge the Marksspriggan (level 16, -1/93 HPs)
             Began as a Spriggan Hunter on Oct 26, 2023.
             Was the Champion of Okawaru.
             Killed from afar by a shock serpent (7 damage)
             ... with a bolt of electricity
             ... on level 4 of the Snake Pit.
             The game lasted 02:15:27 (35077 turns).

monsoonserge the Marksspriggan (Spriggan Hunter)   Turns: 35077, Time: 02:15:27

Health: -1/93      AC: 24    Str:  9    XL:     16   Next: 74%
Magic:  0/33       EV: 18    Int: 12    God:    Okawaru [******]
Gold:   2254       SH:  7    Dex: 29    Spells: 17/19 levels left

rFire   + . .        Q - +8 hand crossbow (flame)
rCold   + + .        j - +0 buckler
rNeg    + . .        p - +9 ice dragon scales of Eternity {Fly rF- rC++ rN+ MP+9}
rPois   +            (helmet restricted)
rElec   .            S - +1 cloak of Plasticity {+Blink Will++}
rCorr   .            (gloves unavailable)
SInv    +            (boots unavailable)
Will    ++++.        e - amulet of guardian spirit
Stlth   +++          L - ring of poison resistance
HPRegen 0.35/turn    o - +6 ring of dexterity
MPRegen 0.23/turn

%: guardian spirit
@: marked, flying, studying Armour, very quick
A: very small, no large weapons, unfitting armour, see invisible, speed 3, fire
resistance 2
a: Renounce Religion, Evoke Blink, Heroism, Finesse, Duel


You were on level 4 of the Snake Pit.
You worshipped Okawaru.
Okawaru was exalted by your worship.
You visited 6 branches of the dungeon, and saw 27 of its levels.
You also visited: Bailey.

You collected 2505 gold pieces.
You spent 251 gold pieces at shops.

Inventory:

Hand Weapons
 Q - a +8 hand crossbow of flaming (weapon)
Missiles
 k - 10 curare-tipped darts
 s - 33 poisoned darts
 E - 2 boomerangs of dispersal
 W - 6 atropa-tipped darts
Armour
 j - a +0 buckler (worn)
 p - the +9 ice dragon scales of Eternity (worn) {Fly rF- rC++ rN+ MP+9}
   (You acquired it on level 10 of the Dungeon)

   rF:        It makes you vulnerable to fire.
   rC:        It greatly protects you from cold.
   rN:        It protects you from negative energy.
   MP:        It affects your magic capacity (+9).
   Fly:       It grants you flight.
 F - +0 acid dragon scales
 M - the +0 robe of Somewhere Else {rElec Str-4 Int+3 Stlth+}
   (Okawaru gifted it to you on level 1 of the Lair of Beasts)

   Str:       It affects your strength (-4).
   Int:       It affects your intelligence (+3).
   rElec:     It insulates you from electricity.
   Stlth:     It makes you more stealthy.
 S - the +1 cloak of Plasticity (worn) {+Blink Will++}
   (Okawaru gifted it to you on level 3 of the Lair of Beasts)

   +Blink:    It lets you blink.
   Will:      It greatly increases your willpower.
Jewellery
 e - an amulet of guardian spirit (around neck)
 m - a ring of protection from cold
 o - a +6 ring of dexterity (right hand)
 q - a +4 ring of protection
 D - a ring of fire
 L - a ring of poison resistance (left hand)
 U - the amulet "Gaurokh" {Reflect rF+ rCorr Slay-3 SH+5}
   (You found it on level 4 of the Lair of Beasts)

   [amulet of reflection]

   It reflects blocked missile attacks.
   Slay:      It affects your accuracy & damage with ranged weapons and melee
   (-3).
   rF:        It protects you from fire.
   rCorr:     It protects you from acid and corrosion.
   SH:        It affects your SH (+5).
 V - a ring of protection from fire
 X - an amulet of magic regeneration
Wands
 a - a wand of paralysis (7)
 b - a wand of quicksilver (4)
 g - a wand of flame (47)
 t - a wand of roots (21)
 K - a wand of mindburst (3)
 T - a wand of polymorph (5)
Scrolls
 d - 4 scrolls of amnesia
 i - 6 scrolls of teleportation
 l - 5 scrolls of vulnerability
 n - 2 scrolls of enchant armour
 u - 3 scrolls of fear
 v - 4 scrolls of fog
 y - 4 scrolls of silence
 A - 5 scrolls of poison
 B - 2 scrolls of magic mapping
 H - a scroll of blinking
 J - a scroll of brand weapon
 N - a scroll of torment
 O - 2 scrolls of immolation
 Z - 2 scrolls of identify
Potions
 c - 5 potions of flight
 f - 3 potions of magic
 h - 3 potions of heal wounds
 r - 6 potions of attraction
 w - 4 potions of brilliance
 x - a potion of cancellation {unknown}
 z - a potion of lignification
 C - 5 potions of mutation
 G - 3 potions of might
 I - a potion of berserk rage
 P - a potion of invisibility
 R - 7 potions of curing
 Y - a potion of haste


   Skills:
 + Level 14.3 Fighting
 - Level 18.0 Ranged Weapons
 * Level 10.2 Armour
 + Level 8.6 Dodging
 + Level 6.6 Stealth
 * Level 5.3 Shields
 - Level 2.0 Spellcasting
 - Level 5.0 Translocations
 + Level 10.2 Invocations
 + Level 7.7 Evocations


You had 17 spell levels left.
You knew the following spells:

 Your Spells              Type           Power      Damage    Failure   Level
a - Blink                 Tloc           26%        N/A       50%         2

Your spell library contained the following spells:

 Spells                   Type           Power      Damage    Failure   Level
 Lesser Beckoning         Tloc           26%        N/A       50%         2
 Momentum Strike          Conj/Tloc      14%        3d8       83%         2
 Shock                    Conj/Air       4%         1d3       96%         1
 Volatile Blastmotes      Fire/Tloc      14%        2d11      97%         3
 Cigotuvi's Dreadful Rot  Necr/Pois/Air  2%         N/A       99%         2
 Ensorcelled Hibernation  Hex/Ice        2%         N/A       99%         2
 Poisonous Vapours        Pois/Air       2%         N/A       99%         2
 Static Discharge         Conj/Air       2%         2-3/arc   99%         2
 Dazzling Flash           Conj/Hex       2%         N/A       100%        3
 Hailstorm                Conj/Ice       1%         3d3       100%        3
 Mephitic Cloud           Conj/Pois/Air  1%         N/A       100%        3
 Spider Form              Tmut/Pois      1%         N/A       100%        3
 Swiftness                Air            1%         N/A       100%        3
 Airstrike                Air            0%         2d(1-17)  100%        4
 Anguish                  Hex/Necr       0%         N/A       100%        4
 Cause Fear               Hex            0%         N/A       100%        4
 Dispel Undead            Necr           1%         3d6       100%        4
 Ice Form                 Ice/Tmut       1%         N/A       100%        4
 Iskenderun's Mystic Bla  Conj/Tloc      7%         2d4       100%        4
 Agony                    Necr           1%         N/A       100%        5
 Blade Hands              Tmut           0%         N/A       100%        5
 Freezing Cloud           Conj/Ice/Air   0%         6-21      100%        5
 Irradiate                Conj/Tmut      0%         3d11      100%        5
 Silence                  Hex/Air        0%         N/A       100%        5
 Starburst                Conj/Fire      0%         6d3       100%        6
 Dragon Form              Tmut           0%         N/A       100%        7
 Ozocubu's Refrigeration  Ice            0%         4d7       100%        7
 Polar Vortex             Ice            0%         N/A       100%        9
 Summon Lightning Spire   Summ/Air       Unusable   N/A       N/A         4
 Death Channel            Necr           Unusable   N/A       N/A         6
 Simulacrum               Ice/Necr       Unusable   N/A       N/A         6
 Dragon's Call            Summ           Unusable   N/A       N/A         9

Dungeon Overview and Level Annotations

Branches:
Dungeon (14/15)            Temple (1/1) D:4            Lair (5/5) D:11
  Swamp (1/4) Lair:3        Snake (4/4) Lair:2        Slime (0/5) Lair:4
    Orc (2/2) D:9             Elf (0/3) Orc:2        Vaults (0/5) D:14
 Bailey (visited)

Altars:
Ashenzari
Cheibriados
Dithmenos
Elyvilon
Fedhas
Gozag
Hepliaklqana
Kikubaaqudgha
Makhleb
Nemelex Xobeh
Okawaru
Qazlal
Ru
Sif Muna
Trog
Uskayaw
Vehumet
Wu Jian
Xom
Yredelemnul
Zin
The Shining One
Jiyva

Shops:
D:2 [   D:4 (((:*   Orc:2 !:?=   Snake:2 =[*=*

Portals:
Abyss: Lair:3

Annotations:
D:9 2 transporters, Laveh's ghost, novice MiBe
D:14 Jorgrun
Lair:3 2 transporters, Zhuub's ghost, journeyman MiMo
Snake:1 1 transporter


Innate Abilities, Weirdness & Mutations

You are very small and have problems with some larger weapons.
You are too small for most types of armour.
You have supernaturally acute eyesight. (SInv)
You cover ground extremely quickly. (Speed+++)
Your flesh is very heat resistant. (rF++)


Message History

The shock serpent misses you. x2
The naga sharpshooter mumbles some strange words.
The naga sharpshooter magically shoots an arrow.
The arrow completely misses you.
Fire: Q) +8 hand crossbow (flame)
Press: ? - help, Q - select action, (/) - cycle Shift-Dir - straight line, f/p - shock serpent
Aim: a shock serpent (heavily wounded, 72% to hit)
You shoot a bolt. The bolt hits the shock serpent!
The bolt burns the shock serpent.
The shock serpent is severely wounded.
The shock serpent bites you but does no damage.
The shock serpent shoots out a bolt of lightning at you!
The bolt of electricity hits you!
Fire: Q) +8 hand crossbow (flame)
Press: ? - help, Q - select action, (/) - cycle Shift-Dir - straight line, f/p - shock serpent
Aim: a shock serpent (severely wounded, 72% to hit)
You shoot a bolt. The bolt hits the shock serpent!
The bolt burns the shock serpent.
The shock serpent is almost dead.
The shock serpent's electric aura discharges, shocking you!
The shock serpent misses you.
The shock serpent shoots out a bolt of lightning at you!
The bolt of electricity hits the shock serpent.
The shock serpent completely resists.
The bolt of electricity hits you!
The naga sharpshooter casts a spell.
The naga sharpshooter magically shoots an arrow.
The arrow barely misses you.
The shock serpent bites you but does no damage.
The shock serpent shoots out a bolt of lightning at you!
The bolt of electricity hits you!
The shock serpent shoots out a bolt of lightning at you!
The bolt of electricity hits you!
* * * LOW HITPOINT WARNING * * *
The shock serpent shoots out a bolt of lightning at you!
The bolt of electricity hits the shock serpent.
The shock serpent completely resists.
The bolt of electricity hits you!!
* * * LOW HITPOINT WARNING * * *
The shock serpent shoots out a bolt of lightning at you!
The bolt of electricity hits you!
You die...

##.......N.....
#......N.S.....
#.[...S#######.
##....S#.....###
#.....#.......##
#.....#.....<..#
#.....#........#
#.....##.......#
#.....@'.......#
#......#.......#
#......#.......#
##.....#..#..###
##.....#######.
##..............
#...............
#...............
#...............


You could see 2 shock serpents.

Vanquished Creatures
  2 thorn hunters (Swamp:1)
  2 orc warlords (Orc:2)
  A bunyip (Swamp:1)
  8 anacondas
  11 hydras
  3 catoblepae (Lair:5)
  3 ogre magi (Orc:1)
  3 alligators
  3 centaur warriors
  Erica (Orc:1)
  11 death yaks
  6 two-headed ogres
  Urug (Lair:3)
  3 boulder beetles
  5 orc high priests (Orc:2)
  11 naga sharpshooters
  A tengu warrior (D:14)
  8 naga warriors
  Nergalle (D:10)
  3 shock serpents
  Sonja (Lair:5)
  2 salamander mystics
  Amaemon (Lair:2)
  A goliath frog (Swamp:1)
  2 skysharks
  2 spriggan druids (Swamp:1)
  4 orc knights (Orc:2)
  3 bog bodies
  3 naga ritualists (Snake:3)
  The ghost of jpeg9000 the Shield-Bearer, a novice GnFi (D:7)
  2 deep elf pyromancers
  A necromancer (D:14)
  3 orc sorcerers
  An ugly thing (D:11)
  4 mana vipers
  A cyclops (D:11)
  18 elephants
  12 salamanders
  17 black mambas
  6 manticores
  3 guardian serpents
  10 cane toads
  An orange demon (Lair:2)
  11 naga magi
  2 torpor snails
  7 kobold demonologists
  Maggie (D:10)
  A freezing wraith (D:14)
  Psyche (D:11)
  An unseen horror (D:10)
  3 rime drakes
  18 komodo dragons
  A bloated husk (Swamp:1)
  8 trolls
  A tengu conjurer (D:14)
  3 meliai (D:13)
  3 polar bears
  4 tyrant leeches
  A wolf spider simulacrum (D:11)
  6 blink frogs
  7 hornets
  5 dream sheep (Lair:4)
  11 spriggans
  A wraith (D:12)
  A basilisk (Lair:2)
  4 vampires
  2 wyverns
  64 yaks
  6 vampire mosquitoes
  8 swamp worms
  5 wargs
  2 acid dragons
  34 nagas
  19 water moccasins
  2 floating eyes (Orc:1)
  5 black bears
  32 orc warriors
  A swamp drake (Swamp:1)
  3 sky beasts
  2 ice beasts (D:7)
  14 ogres
  6 centaurs
  A phantom (D:6)
  5 kobold brigands
  Blork the orc (D:5)
  17 bullfrogs
  2 gnoll sergeants
  3 scorpions
  A water moccasin zombie (D:7)
  3 wights
  11 killer bees
  6 howler monkeys
  6 electric eels
  34 orc priests
  3 hounds
  2 jellies
  2 sleepcaps
  2 iguanas
  32 orc wizards
  2 hell rats (Lair:1)
  A howler monkey zombie (D:7)
  7 gnolls
  5 adders
  8 river rats (Lair:1)
  A shadow imp (D:5)
  3 white imps
  4 ufetubi
  2 dart slugs
  83 orcs
  8 ball pythons
  6 bats
  9 endoplasms
  2 giant cockroaches
  5 goblins
  12 hobgoblins
  5 jackals
  17 kobolds
  3 quokkas
  2 frilled lizards
  6 rats
814 creatures vanquished.

Vanquished Creatures (others)
  An orc priest (Orc:2)
1 creature vanquished.

Grand Total: 815 creatures vanquished

Notes
Turn   | Place    | Note
-------+----------+-------------------------------------------
     0 | D:1      | monsoonserge the Spriggan Hunter began the quest for the
                  | Orb.
     0 | D:1      | Reached XP level 1. HP: 10/10 MP: 2/2
   150 | D:1      | Reached XP level 2. HP: 14/14 MP: 3/3
   916 | D:2      | Reached XP level 3. HP: 15/18 MP: 4/4
  1192 | D:2      | Reached skill level 5 in Ranged Weapons
  1240 | D:2      | Found Igux's Armour Shoppe.
  1886 | D:3      | Found a glowing silver altar of Zin.
  2317 | D:3      | Reached XP level 4. HP: 22/23 MP: 3/5
  2331 | D:4      | Found Ymyop's Antique Weapon Shop.
  2452 | D:4      | Found Lecuanor's Weapon Shoppe.
  2535 | D:4      | Found Sympiusi's General Store.
  2543 | D:4      | Bought a scroll of teleportation for 42 gold pieces
  2599 | D:4      | Reached skill level 6 in Ranged Weapons
  2599 | D:4      | Reached XP level 5. HP: 26/26 MP: 6/6
  2747 | D:4      | Found Poixus's Weapon Boutique.
  2820 | D:4      | Found a staircase to the Ecumenical Temple.
  2883 | Temple   | Entered the Ecumenical Temple
  3002 | Temple   | Became a worshipper of Warmaster Okawaru
  3211 | D:4      | Found Ituefaf's Book Shoppe.
  3305 | D:4      | Found a burning altar of Makhleb.
  3340 | D:5      | Entered Level 5 of the Dungeon
  3356 | D:4      | Reached XP level 6. HP: 26/31 MP: 7/7
  3541 | D:5      | Noticed Blork the orc
  3830 | D:5      | Reached skill level 7 in Ranged Weapons
  3830 | D:5      | Reached skill level 1 in Invocations
  4227 | D:6      | Noticed a sky beast
  4302 | D:5      | Reached * piety under Okawaru
  4303 | D:5      | Reached XP level 7. HP: 35/35 MP: 8/8
  4394 | D:5      | Killed Blork the orc
  4450 | D:6      | Reached skill level 8 in Ranged Weapons
  5211 | D:6      | Reached XP level 8. HP: 22/42 MP: 5/10
  5404 | D:6      | Identified the +1 flail of the Singing Oracle {flame,
                  | rPois}
  5513 | D:6      | Reached ** piety under Okawaru
  5527 | D:6      | Reached skill level 9 in Ranged Weapons
  6162 | D:6      | Reached skill level 10 in Ranged Weapons
  6300 | D:7      | Learned a level 2 spell: Blink
  6386 | D:7      | Reached *** piety under Okawaru
  6387 | D:7      | Reached skill level 1 in Translocations
  6387 | D:7      | Reached XP level 9. HP: 38/46 MP: 7/11
  6395 | D:7      | Found a runed translucent gate.
  6395 | D:7      | Found a runed translucent gate.
  6395 | D:7      | Found a runed translucent gate.
  6395 | D:7      | Noticed jpeg9000's ghost (novice GnFi)
  6397 | D:7      | Found a basalt altar of Yredelemnul.
  6479 | D:7      | Reached skill level 5 in Fighting
  6520 | D:7      | Reached skill level 1 in Spellcasting
  6951 | D:8      | Reached skill level 11 in Ranged Weapons
  6981 | D:7      | HP: 2/47 [poisoned by a killer bee]
  6988 | D:7      | Reached skill level 5 in Dodging
  6988 | D:7      | Gained mutation: Your flesh is heat resistant. (rF+)
                  | [potion of mutation]
  6988 | D:7      | Gained mutation: Your flesh is very heat resistant. (rF++)
                  | [potion of mutation]
  6997 | D:7      | HP: 1/47 [poisoned by a killer bee]
  7499 | D:8      | Reached **** piety under Okawaru
  8402 | D:9      | Noticed a two-headed ogre
  8480 | D:9      | Killed a two-headed ogre
  8481 | D:9      | Reached skill level 12 in Ranged Weapons
  8481 | D:9      | Reached XP level 10. HP: 53/53 MP: 12/12
  8899 | D:9      | Found a stormy altar of Qazlal.
  8940 | D:9      | Found a transporter.
  8943 | D:9      | Noticed a two-headed ogre
  8953 | D:9      | Noticed a deep troll
  8953 | D:9      | Noticed a two-headed ogre
  8964 | D:9      | Found a bloodstained altar of Trog.
  8964 | D:9      | Noticed a moth of wrath
  8965 | D:9      | Found a transporter.
  8980 | D:9      | Noticed Laveh's ghost (novice MiBe)
  9095 | D:9      | Found a staircase to the Orcish Mines.
  9613 | D:10     | Entered Level 10 of the Dungeon
  9616 | D:10     | Identified a scroll of acquirement
  9617 | D:10     | Acquired the +9 ice dragon scales of Eternity {Fly rF- rC++
                  | rN+ MP+9}
  9996 | D:10     | Noticed Nergalle
 10054 | D:10     | Reached ***** piety under Okawaru
 10067 | D:10     | Found a flagged portal.
 10086 | Bailey   | Entered a bailey
 10207 | Bailey   | Noticed a two-headed ogre
 10324 | Bailey   | Reached skill level 13 in Ranged Weapons
 10394 | Bailey   | Identified the +2 quarterstaff of the Original Sin {pain,
                  | rF+ Dex+5}
 10523 | Bailey   | HP: 1/53 [spriggan/+0 mace of protection (12)]
 10801 | Bailey   | Killed a two-headed ogre
 10802 | Bailey   | Reached XP level 11. HP: 58/58 MP: 13/15
 10954 | D:10     | Killed Nergalle
 11165 | D:10     | Noticed Maggie
 11177 | D:10     | Killed Maggie
 11672 | D:11     | Noticed a sixfirhy
 11725 | D:11     | Noticed Psyche
 11729 | D:11     | Killed Psyche
 11729 | D:11     | Received a gift from Okawaru
 11730 | D:11     | Reached skill level 14 in Ranged Weapons
 11849 | D:11     | Noticed a deep elf pyromancer
 11864 | D:11     | Killed a deep elf pyromancer
 11865 | D:11     | Reached skill level 5 in Invocations
 12358 | D:11     | Found a staircase to the Lair.
 12472 | D:12     | Noticed a red ugly thing
 12494 | Lair:1   | Entered Level 1 of the Lair of Beasts
 12694 | Lair:1   | Reached ****** piety under Okawaru
 12749 | Lair:1   | Reached skill level 1 in Armour
 13285 | Lair:1   | Identified the +0 robe of Somewhere Else {rElec Str-4 Int+3
                  | Stlth+} (Okawaru gifted it to you on level 1 of the Lair of
                  | Beasts)
 13285 | Lair:1   | Received a gift from Okawaru
 13614 | Lair:2   | Noticed a seven-headed hydra
 13714 | Lair:2   | Noticed a five-headed hydra
 13739 | Lair:1   | Reached XP level 12. HP: 5/64 MP: 6/17
 13911 | Lair:2   | Found a staircase to the Snake Pit.
 14041 | Lair:1   | Reached skill level 15 in Ranged Weapons
 14290 | Lair:1   | Killed a five-headed hydra
 14458 | Lair:2   | Noticed Amaemon
 14603 | Lair:2   | Killed a seven-headed hydra
 15339 | Lair:2   | Noticed a five-headed hydra
 15339 | Lair:2   | Noticed a five-headed hydra
 15355 | Lair:2   | Killed a five-headed hydra
 15403 | Lair:2   | Killed a five-headed hydra
 15403 | Lair:2   | Received a gift from Okawaru
 15416 | Lair:2   | Killed Amaemon
 15417 | Lair:2   | Reached skill level 16 in Ranged Weapons
 15726 | Lair:3   | Noticed Urug
 15985 | Lair:3   | Killed Urug
 16049 | Lair:3   | Found a one-way gate to the infinite horrors of the Abyss.
 16049 | Lair:3   | Noticed Zhuub's ghost (journeyman MiMo)
 16075 | Lair:3   | Noticed a five-headed hydra
 16091 | Lair:3   | Killed a five-headed hydra
 16258 | Lair:3   | Found a transporter.
 16285 | Lair:3   | Reached XP level 13. HP: 59/70 MP: 15/19
 16321 | Lair:3   | Found a transporter.
 16406 | Lair:3   | Noticed a brown very ugly thing
 16414 | Lair:3   | Identified the +7 whip of the Fulmar {holy, rElec rF+
                  | Dex+4}
 16950 | D:7      | Killed jpeg9000's ghost
 17499 | Lair:3   | Identified the +1 cloak of Plasticity {+Blink Will++}
                  | (Okawaru gifted it to you on level 3 of the Lair of Beasts)
 17499 | Lair:3   | Received a gift from Okawaru
 17704 | Lair:3   | Reached skill level 1 in Evocations
 17783 | Lair:3   | Found a staircase to the Swamp.
 18393 | Lair:3   | Reached skill level 5 in Stealth
 18406 | Lair:3   | Reached skill level 10 in Fighting
 19330 | Lair:4   | Found a staircase to the Slime Pits.
 19336 | Lair:4   | Found a viscous altar of Jiyva.
 19347 | Lair:4   | Identified the +1 dagger of Saris {speed, rPois Int+4
                  | Dex+2}
 19366 | Lair:4   | Reached skill level 5 in Armour
 19771 | Lair:4   | Reached skill level 5 in Translocations
 19997 | Lair:4   | Identified the amulet "Gaurokh" {Reflect rF+ rCorr Slay-3
                  | SH+5}
 20087 | Lair:5   | Entered Level 5 of the Lair of Beasts
 20090 | Lair:5   | Noticed Sonja
 21040 | Lair:4   | Reached XP level 14. HP: 57/79 MP: 21/21
 21126 | Lair:5   | Received a gift from Okawaru
 21612 | Orc:1    | Entered Level 1 of the Orcish Mines
 21982 | Orc:1    | Paralysed by a hornet for 3 turns
 22214 | Orc:1    | Noticed Erica
 22218 | Orc:1    | Killed Erica
 22219 | Orc:1    | Reached skill level 5 in Evocations
 22314 | Orc:2    | Entered Level 2 of the Orcish Mines
 22447 | Orc:2    | Noticed an orc warlord
 22498 | Orc:2    | Killed an orc warlord
 22717 | Orc:2    | Noticed an orc warlord
 22823 | Orc:2    | Killed an orc warlord
 23034 | Orc:1    | Received a gift from Okawaru
 23449 | Orc:2    | Found a staircase to the Elven Halls.
 24089 | Orc:2    | Reached skill level 1 in Shields
 24165 | Orc:2    | Found Ohafad's Jewellery Boutique.
 24165 | Orc:2    | Found Ujodor's Magic Scroll Boutique.
 24166 | Orc:2    | Found Zozink's Book Shop.
 24166 | Orc:2    | Found Qoumifi's Distillery.
 24173 | Orc:2    | Bought a scroll of noise for 13 gold pieces
 24176 | Orc:2    | Bought a scroll of poison for 52 gold pieces
 24597 | D:12     | Received a gift from Okawaru
 26023 | D:13     | Found a blossoming altar of Fedhas.
 26095 | D:13     | Received a gift from Okawaru
 26569 | D:14     | Reached XP level 15. HP: 86/86 MP: 23/23
 26765 | D:14     | Reached skill level 10 in Invocations
 26839 | D:14     | Found a gate to the Vaults.
 27015 | D:14     | Noticed Jorgrun
 27297 | Lair:2   | Upgraded the game from 0.30.1-9-gdf580d7c3d to
                  | 0.30.1-10-g1249ef9ec4
 27309 | Snake:1  | Entered Level 1 of the Snake Pit
 27387 | Lair:5   | Killed Sonja
 28054 | Lair:5   | Received a gift from Okawaru
 29172 | Swamp:1  | Entered Level 1 of the Swamp
 29200 | Swamp:1  | Received a gift from Okawaru
 29835 | Swamp:1  | Noticed a thorn hunter
 29841 | Swamp:1  | Killed a thorn hunter
 29841 | Swamp:1  | Received a gift from Okawaru
 29968 | Swamp:1  | Noticed a thorn hunter
 29978 | Swamp:1  | Killed a thorn hunter
 30218 | Swamp:1  | Reached skill level 17 in Ranged Weapons
 30450 | Snake:1  | Found a shimmering blue altar of Sif Muna.
 30454 | Snake:1  | Found a transporter.
 30458 | Snake:1  | Noticed a nagaraja
 30462 | Snake:1  | Noticed a nagaraja
 31053 | Snake:1  | Received a gift from Okawaru
 31094 | Snake:1  | Reached XP level 16. HP: 92/92 MP: 24/24
 31877 | Snake:2  | Found Zabeylud's Assorted Antiques.
 31880 | Snake:2  | Bought a fuming pink potion for 29 gold pieces
 31942 | Snake:2  | Received a gift from Okawaru
 32186 | Snake:2  | Found Gowez's Jewellery Shoppe.
 32187 | Snake:2  | Found Sellowec's General Store.
 32187 | Snake:2  | Found Asyho's Armour Shoppe.
 32190 | Snake:2  | Found Qudina Alyo's Jewellery Emporium.
 32195 | Snake:2  | Bought a scroll of teleportation for 33 gold pieces
 32195 | Snake:2  | Bought a scroll of blinking for 82 gold pieces
 33509 | Snake:3  | Identified the +1 lajatang "Bisoha" {protect, rPois rF-
                  | Str+4 Int+4} (Okawaru gifted it to you on level 3 of the
                  | Snake Pit)
 33509 | Snake:3  | Received a gift from Okawaru
 33829 | Snake:3  | Paralysed by a Zot trap for 4 turns
 34087 | Snake:3  | Reached skill level 5 in Shields
 34578 | Snake:3  | Reached skill level 10 in Armour
 34789 | Snake:4  | Entered Level 4 of the Snake Pit
 34793 | Snake:4  | Reached skill level 18 in Ranged Weapons
 35077 | Snake:4  | Killed from afar by a shock serpent

Illustrated notes

Levels and vault maps discovered:
D:1:      nicolae_arrival_escape_room, layout_basic
D:2:      layout_basic, serial_shops, nicolae_shop_advertising_works
          [nicolae_subvault_shop_adworks], chequers_serial_rivers_large_b,
          minmay_misc_feat_five
D:3:      layout_basic, mainiacjoe_overflow_alcove_1, minmay_between
D:4:      layout_basic, nicolae_overflow_hidden_temple,
          minmay_temple_entry_antechambers, serial_shops, kennysheep_mini,
          nicolae_shop_crystal, shop, shop, shop
D:5:      layout_gridville, serial_glass, glass_columns_a, glass_columns_b,
          glass_columns_a, glass_columns_c, glass_columns_a, uniq_blork_the_orc
D:6:      layout_cave_pools, minmay_strange_pillars, minivault_14
D:7:      layout_rooms, nicolae_yredelemnul_ghost_church
D:8:      layout_basic, minmay_starry_boxes
D:9:      layout_irregular_city, mainiacjoe_overflow_brackets,
          david_orc_1_choice, gammafunk_ghost_wrathful_warriors
D:10:     layout_loops_ring, enter_bailey_4, uniq_maggie, uniq_nergalle
D:11:     layout_loops_ring, grunt_lair_entry_orc_guard_hut, uniq_psyche
D:12:     layout_stronghold, minmay_variable_closet, minmay_tree_intersection
D:13:     layout_gridville, serial_bayou_pond_d, fedhas_ov_isle_minmay
D:14:     layout_cave_pools, david_vaults_1, corexii_hall_statues_s,
          hangedman_weighted_door, nicolae_nh_oracle_at_delphi, uniq_jorgrun
Temple:   compressed_dpeg_circular_temple
Lair:1:   layout_layer_cave, kennysheep_rathole, serial_bayou_shore_a,
          infiniplex_staircase_pool
Lair:2:   nzn_winding_woodlands_medium [nzn_winding_woodlands_5x5_default,
          nzn_winding_woodlands_5x15_parted,
          nzn_winding_woodlands_5x5_perimeter, nzn_winding_woodlands_5x5_cross,
          nzn_winding_woodlands_center_lodge, nzn_winding_woodlands_hourglass,
          nzn_winding_woodlands_5x5_closed_star,
          nzn_winding_woodlands_5x15_zeroes, nzn_winding_woodlands_5x5_three],
          layout_hall_layers, guppyfry_snake_entry_island, uniq_amaemon
Lair:3:   layout_cave_pods, nicolae_swamp_entry_splash_gauntlet,
          gammafunk_ghost_abyssal_escape, uniq_urug
Lair:4:   layout_misc_corridors, nicolae_slime_entry_slimehenge,
          grunt_megastairs_4
Lair:5:   evilmike_catoblepas_cave, layout_cave_pods, uniq_sonja
Swamp:1:  cheibrodos_swamp_tower_of_moss, layout_basic_swamp,
          wheals_swamp_sinkhole
Snake:1:  gammafunk_sealed_library, layout_onion_interference, drop_trap,
          grunt_megastairs_5, lemuel_fruit_tree
Snake:2:  layout_cave_town, serial_shops, nicolae_shop_tiny_real_fake_doors,
          minmay_shoptagon
Snake:3:  layout_misc_corridors, nicolae_snake_gridmaze_entwining
Snake:4:  johnstein_snake_rune_scales, layout_cave_town, serial_bayou_pond_d
Orc:1:    hellmonk_paralyzer, layout_diamond_mine, uniq_erica
Orc:2:    st_orc_pillars, layout_diamond_mine

Skill      XL: |  1  2  3  4  5  6  7  8  9 10 11 12 13 14 15 16 |
---------------+-------------------------------------------------+-----
Ranged Weapons | 5 6 7 8 10 12 13 14 16 17 18 | 18.0
Fighting       | 2 3 4 5 7 8 9 11 13 14 | 14.3
Dodging        | 3 4 5 6 7 8 |  8.6
Stealth        | 2 3 4 5 6 |  6.6
Invocations    | 1 2 4 6 7 8 9 10 | 10.2
Translocations | 1 4 5 |  5.0
Spellcasting   | 1 2 |  2.0
Armour         | 1 3 5 6 8 10 | 10.2
Evocations     | 4 6 7 |  7.7
Shields        | 2 3 5 |  5.3

Action                     |  1- 3 |  4- 6 |  7- 9 | 10-12 | 13-15 | 16-18 || total
---------------------------+-------+-------+-------+-------+-------+-------++-------
   Fire: Shortbow          |   113 |   183 |   508 |   944 |   507 |       ||  2255
         Arbalest          |       |       |       |       |   306 |       ||   306
         Hand crossbow     |       |       |       |       |   648 |   317 ||   965
   Cast: Blink             |       |       |       |     1 |     1 |       ||     2
 Invoke: Heroism           |       |       |     2 |     3 |     6 |       ||    11
         Finesse           |       |       |       |     1 |       |       ||     1
Ability: Evoke Blink       |       |       |       |       |       |     2 ||     2
    Use: Scroll            |       |       |     4 |    13 |    10 |     3 ||    30
         Potion            |       |       |    12 |     3 |     3 |       ||    18
 Armour: Robe              |     5 |    22 |    17 |    10 |       |       ||    54
         Acid dragon scale |       |       |       |    22 |   103 |       ||   125
         Steam dragon scal |       |       |       |     5 |       |       ||     5
         Ice dragon scales |       |       |       |       |    94 |    77 ||   171
  Dodge: Dodged            |    44 |   112 |   229 |   250 |   520 |   161 ||  1316
  Block: Buckler           |       |       |       |       |   103 |    77 ||   180
